 Dungeon Sprint DCSS version 0.21-a0-314-gb3271ec (webtiles) character file.

2019 potatolord6000 the Destroyer (level 9, -12/72 HPs)
             Began as a Gnoll Conjurer on Sept 29, 2017.
             Was a High Priest of Vehumet.
             Killed from afar by Harold (20 damage)
             ... with a bolt of fire
             ... in the Dungeon (Sprint VII: "The Pits").
             The game lasted 00:06:57 (1250 turns).

potatolord6000 the Destroyer (Gnoll Conjurer)       Turns: 1250, Time: 00:06:57

Health: -12/72     AC:  3    Str: 12    XL:     9   Next: 23%
Magic:  2/21       EV: 20    Int: 23    God:    Vehumet [*****.]
Gold:   0          SH:  0    Dex: 15    Spells: 10/25 levels left

rFire    . . .     SeeInvis .   p - staff of energy
rCold    . . .     Gourm    .   (no shield)
rNeg     . . .     Faith    .   a - +0 robe
rPois    .         Spirit   .   (no helmet)
rElec    .         Reflect  .   (no cloak)
rCorr    .         Harm     .   (no gloves)
MR       .....     NoTele   +   v - +0 pair of boots
Stlth    ++++......             (no amulet)
HPRegen  0.22/turn              q - +3 ring of intelligence
MPRegen  0.17/turn              r - +3 ring of evasion

@: lethally poisoned (-12 -> -12)
A: distributed training, fangs 1, strong nose
a: Renounce Religion


You were in the Dungeon.
You worshipped Vehumet.
Vehumet was extremely pleased with you.
You were completely stuffed.

You visited 1 branch

Inventory:

Armour
 a - a +0 robe (worn)
 v - a +0 pair of boots (worn)
Magical Staves
 p - an uncursed staff of energy (weapon)
Jewellery
 q - a +3 ring of intelligence (left hand)
 r - a +3 ring of evasion (right hand)
Scrolls
 i - a scroll of blinking
 k - 3 scrolls of remove curse
 l - 4 scrolls of amnesia
 m - a scroll of summoning
Potions
 d - 8 potions of curing
 e - a potion of heal wounds
 f - a potion of haste
 g - 3 potions of magic
 h - 5 potions of berserk rage
 j - 2 potions of invisibility
 s - 2 potions of brilliance
 t - a potion of resistance
 u - a potion of agility
Books
 b - a book of Conjurations

   Spells                             Type                      Level
   a - Magic Dart                     Conjuration                  1
   b - Searing Ray                    Conjuration                  2
   c - Dazzling Spray                 Conjuration/Hexes            3
   d - Fulminant Prism                Conjuration/Hexes            4
   e - Force Lance                    Conjuration/Translocation    4
   f - Iskenderun's Mystic Blast      Conjuration                  4
Comestibles
 c - 8 bread rations
 n - 40 fruits
 o - 5 meat rations


   Skills:
 + Level 7.1 Fighting
 + Level 6.7 Short Blades
 + Level 6.7 Long Blades
 + Level 7.2 Axes
 + Level 6.4 Maces & Flails
 + Level 7.0 Polearms
 + Level 7.9 Staves
 + Level 6.8 Slings
 + Level 7.1 Bows
 + Level 6.6 Crossbows
 + Level 7.1 Throwing
 + Level 7.0 Armour
 + Level 8.3 Dodging
 + Level 8.4 Stealth
   Level 0.0 Stabbing
 + Level 6.6 Shields
   Level 0.0 Traps
 + Level 7.0 Unarmed Combat
 + Level 8.7 Spellcasting
 + Level 11.2 Conjurations
 + Level 7.7 Hexes
 + Level 7.0 Charms
 + Level 6.8 Summonings
 + Level 6.8 Necromancy
 + Level 7.1 Translocations
 + Level 7.0 Transmutations
 + Level 6.5 Fire Magic
 + Level 7.0 Ice Magic
 + Level 6.6 Air Magic
 + Level 7.1 Earth Magic
 + Level 7.7 Poison Magic
 + Level 7.3 Invocations
 + Level 7.2 Evocations


You had 10 spell levels left.
You knew the following spells:

 Your Spells              Type           Power        Failure   Level  Hunger
a - Throw Icicle          Conj/Ice       ######..     1%          4    None
b - Searing Ray           Conj           ######       1%          2    None
c - Shock                 Conj/Air       ####         1%          1    None
d - Force Lance           Conj/Tloc      ######..     1%          4    None
e - Iskenderun's Mystic   Conj           ######..     1%          4    None


Dungeon Overview and Level Annotations

Branches:
Dungeon (1/1)

Altars:
Ashenzari
Cheibriados
Dithmenos
Elyvilon
Fedhas
Gozag
Hepliaklqana
Kikubaaqudgha
Makhleb
Nemelex Xobeh
Okawaru
Qazlal
Ru
Sif Muna
Trog
Uskayaw
Vehumet
Wu Jian
Xom
Yredelemnul
Zin
The Shining One
Beogh
Jiyva
Lugonu

Annotations:
D Harold


Innate Abilities, Weirdness & Mutations

Your experience applies equally to all skills.
You have very sharp teeth.
Your uncanny sense of smell can sniff out nearby items.


Message History

Okay, then.
Casting: Throw Icicle
Confirm with . or Enter, or press ? or * to list all spells.
Aiming: Force Lance
Press: ? - help, Shift-Dir - straight line, f/p - troll
Aim: a troll (moderately wounded)
The lance of force hits the troll.
The troll is moderately wounded.
The troll is knocked back by the lance of force.
The centaur shoots an arrow.
The arrow closely misses you.
Unknown command.
Unknown command.
Unknown command.
Nothing appears to happen.
Harold hits you with a trident!
Nothing appears to happen.
Harold hits you with a trident!
* * * LOW HITPOINT WARNING * * *
Nothing appears to happen.
You feel sick.
Harold points at you and mumbles some strange words.
The bolt of fire hits you!
You die...

..'.##................#
..#.#####'#####''######
###.##.......##''#####
..#.##.......##......+
..†.##.......##......+
######...<...##.....##
)))[##.......##...###
)))[##.......##(.##
######.......##(@# ##..
##########..@T.....
.#.############++#...#..
##.#....#..[[# #.....
.#)#....#...[# ##...
##.†)...'..))# ..
.#'#....#..))# .
.'.#....#..))#
##############


You could see Harold and a troll.

Vanquished Creatures
  A phantasmal warrior (D)
  A deep elf mage (D)
  A rime drake (D)
  An efreet (D)
  An ice devil (D)
  A water moccasin (D)
  A floating eye (D)
  A centaur (D)
  A crimson imp (D)
  A hell rat (D)
  3 worker ants (D)
  An adder (D)
  A river rat (D)
  An ufetubus (D)
  A leopard gecko (D)
  A giant cockroach (D)
  A goblin (D)
  A hobgoblin (D)
  A quokka (D)
  A bat (D)
  2 frilled lizards (D)
  A giant cockroach zombie (D)
  A jackal zombie (D)
  A rat (D)
27 creatures vanquished.

Notes
Turn   | Place    | Note
-------+----------+-------------------------------------------
     0 | D        | potatolord6000 the Gnoll Conjurer began the quest for the Orb.
     0 | D        | Reached XP level 1. HP: 13/13 MP: 6/6
    22 | D        | Reached skill level 1 in Fighting
    22 | D        | Reached skill level 5 in Spellcasting
    22 | D        | Reached skill level 1 in Evocations
    52 | D        | Found a bloodstained altar of Trog.
    52 | D        | Found a deep blue altar of Sif Muna.
    52 | D        | Found a viscous altar of Jiyva.
    52 | D        | Found a hazy altar of Hepliaklqana.
    52 | D        | Found an opulent altar of Gozag.
    53 | D        | Found a glowing golden altar of the Shining One.
    53 | D        | Found a glowing silver altar of Zin.
    53 | D        | Found a basalt altar of Yredelemnul.
    53 | D        | Found a shimmering altar of Xom.
    53 | D        | Found an ornate altar of the Wu Jian Council.
    53 | D        | Found a sacrificial altar of Ru.
    53 | D        | Found a stormy altar of Qazlal.
    53 | D        | Found an iron altar of Okawaru.
    53 | D        | Found a sparkling altar of Nemelex Xobeh.
    53 | D        | Found a burning altar of Makhleb.
    53 | D        | Found a blossoming altar of Fedhas.
    53 | D        | Found a white marble altar of Elyvilon.
    53 | D        | Found a shadowy altar of Dithmenos.
    53 | D        | Found a snail-covered altar of Cheibriados.
    55 | D        | Found a radiant altar of Vehumet.
    55 | D        | Found a corrupted altar of Lugonu.
    55 | D        | Found a roughly hewn altar of Beogh.
    57 | D        | Found an ancient bone altar of Kikubaaqudgha.
    57 | D        | Found a hide-covered altar of Uskayaw.
    57 | D        | Found a shattered altar of Ashenzari.
    65 | D        | Became a worshipper of Vehumet
    81 | D        | Noticed a worker ant
    82 | D        | Reached skill level 1 in Hexes
    89 | D        | Killed a worker ant
    89 | D        | Reached skill level 1 in Short Blades
    89 | D        | Reached skill level 1 in Long Blades
    89 | D        | Reached skill level 1 in Maces & Flails
    89 | D        | Reached skill level 1 in Slings
    89 | D        | Reached skill level 1 in Bows
    89 | D        | Reached skill level 1 in Throwing
    89 | D        | Reached skill level 1 in Unarmed Combat
    89 | D        | Reached skill level 1 in Summonings
    89 | D        | Reached skill level 1 in Necromancy
    89 | D        | Reached skill level 1 in Air Magic
    89 | D        | Reached skill level 1 in Earth Magic
    89 | D        | Reached XP level 2. HP: 15/22 MP: 0/8
    89 | D        | Reached XP level 3. HP: 18/27 MP: 0/10
   194 | D        | Learned a level 2 spell: Searing Ray
   196 | D        | Reached * piety under Vehumet
   196 | D        | Offered knowledge of Shock by Vehumet.
   196 | D        | Reached skill level 1 in Polearms
   197 | D        | Reached skill level 1 in Charms
   213 | D        | Learned a level 1 spell: Shock
   217 | D        | Offered knowledge of Flame Tongue by Vehumet.
   217 | D        | Reached ** piety under Vehumet
   218 | D        | Noticed a deep elf mage
   233 | D        | Killed a deep elf mage
   233 | D        | Reached skill level 5 in Axes
   233 | D        | Reached skill level 5 in Staves
   233 | D        | Reached skill level 5 in Bows
   233 | D        | Reached skill level 9 in Conjurations
   233 | D        | Reached skill level 5 in Hexes
   233 | D        | Reached skill level 5 in Invocations
   233 | D        | Reached skill level 5 in Evocations
   233 | D        | Reached XP level 4. HP: 34/38 MP: 7/13
   233 | D        | Reached XP level 5. HP: 39/43 MP: 7/14
   233 | D        | Reached XP level 6. HP: 46/50 MP: 8/16
   250 | D        | Learned a level 4 spell: Force Lance
   255 | D        | Learned a level 4 spell: Iskenderun's Mystic Blast
   372 | D        | Noticed a floating eye
   375 | D        | Paralysed by a floating eye for 2 turns
   378 | D        | Killed a floating eye
   378 | D        | Offered knowledge of Throw Frost by Vehumet.
   378 | D        | Reached skill level 5 in Fighting
   378 | D        | Reached skill level 5 in Throwing
   378 | D        | Reached skill level 5 in Armour
   378 | D        | Reached skill level 5 in Unarmed Combat
   378 | D        | Reached skill level 10 in Conjurations
   378 | D        | Reached skill level 5 in Summonings
   378 | D        | Reached skill level 5 in Translocations
   378 | D        | Reached skill level 5 in Ice Magic
   378 | D        | Reached skill level 5 in Poison Magic
   378 | D        | Reached XP level 7. HP: 56/56 MP: 12/17
   380 | D        | Reached *** piety under Vehumet
   383 | D        | Reached skill level 5 in Earth Magic
   392 | D        | Reached **** piety under Vehumet
   443 | D        | Noticed a rime drake
   453 | D        | Killed a rime drake
   453 | D        | Reached skill level 5 in Short Blades
   453 | D        | Reached skill level 5 in Long Blades
   453 | D        | Reached skill level 5 in Maces & Flails
   453 | D        | Reached skill level 5 in Polearms
   453 | D        | Reached skill level 5 in Slings
   453 | D        | Reached skill level 5 in Crossbows
   453 | D        | Reached skill level 5 in Shields
   453 | D        | Reached skill level 5 in Charms
   453 | D        | Reached skill level 5 in Necromancy
   453 | D        | Reached skill level 5 in Transmutations
   453 | D        | Reached skill level 5 in Fire Magic
   453 | D        | Reached skill level 5 in Air Magic
   582 | D        | Offered knowledge of Conjure Flame by Vehumet.
   583 | D        | Reached XP level 8. HP: 64/64 MP: 15/19
   586 | D        | Reached ***** piety under Vehumet
   881 | D        | Noticed an efreet
   883 | D        | Offered knowledge of Throw Icicle by Vehumet.
   888 | D        | Killed an efreet
   927 | D        | Learned a level 4 spell: Throw Icicle
  1089 | D        | Noticed an ice devil
  1089 | D        | Noticed a phantasmal warrior
  1096 | D        | Killed a phantasmal warrior
  1096 | D        | Offered knowledge of Olgreb's Toxic Radiance by Vehumet.
  1096 | D        | Reached skill level 11 in Conjurations
  1096 | D        | Reached XP level 9. HP: 71/71 MP: 19/21
  1101 | D        | Killed an ice devil
  1217 | D        | Noticed Harold
  1222 | D        | Noticed a troll
  1250 | D        | Killed from afar by Harold

Vault maps used:
D:        pitsprint

Skill      XL: |  1  2  3  4  5  6  7  8  9 |
---------------+----------------------------+-----
Fighting       | 1 4 5 6 7 |  7.1
Spellcasting   | 5 7 8 |  8.7
Evocations     | 2 5 6 7 |  7.2
Hexes          | 2 5 6 7 |  7.7
Short Blades   | 1 4 5 6 |  6.7
Long Blades    | 1 4 5 6 |  6.7
Axes           | 2 5 6 7 |  7.2
Maces & Flails | 1 4 5 6 |  6.4
Staves         | 2 5 6 7 |  7.9
Slings         | 1 4 5 6 |  6.8
Bows           | 1 5 6 7 |  7.1
Throwing       | 1 4 5 6 7 |  7.1
Armour         | 2 4 5 6 7 |  7.0
Unarmed Combat | 1 4 5 6 7 |  7.0
Summonings     | 1 4 5 6 |  6.8
Necromancy     | 1 4 5 6 |  6.8
Translocations | 2 4 5 6 7 |  7.1
Ice Magic      | 2 4 5 6 7 |  7.0
Air Magic      | 1 4 5 6 |  6.6
Earth Magic    | 1 4 5 6 7 |  7.1
Invocations    | 2 5 7 |  7.3
Polearms       | 4 5 6 7 |  7.0
Charms         | 4 5 6 7 |  7.0
Crossbows      | 4 5 6 |  6.6
Dodging        | 6 7 8 |  8.3
Stealth        | 6 7 8 |  8.4
Shields        | 4 5 6 |  6.6
Conjurations   | 9 10 11 | 11.2
Transmutations | 4 5 6 7 |  7.0
Fire Magic     | 4 5 6 |  6.5
Poison Magic   | 4 5 6 7 |  7.7

Action                   |  1- 3 |  4- 6 |  7- 9 || total
-------------------------+-------+-------+-------++-------
Melee: Unarmed           |     3 |       |       ||     3
       Staff             |    10 |     1 |     3 ||    14
       Bite              |     1 |       |       ||     1
 Cast: Magic Dart        |    13 |     3 |       ||    16
       Shock             |     2 |       |    27 ||    29
       Searing Ray       |     1 |       |     1 ||     2
       Force Lance       |       |       |    13 ||    13
       Iskenderun's Myst |       |       |    13 ||    13
       Throw Icicle      |       |       |     4 ||     4
Evoke: Staff of energy   |       |       |     8 ||     8
  Use: Potion            |     3 |       |     5 ||     8
       Scroll            |       |       |     1 ||     1
  Eat: Meat ration       |       |       |     2 ||     2
Armor: Robe              |     1 |       |     2 ||     3
Dodge: Dodged            |    12 |     1 |    51 ||    64

Table legend:
 A = Spawn XP
 B = Non-spawn XP
 C = Spawn XP percentage of total XP
 D = Spawn monster count
 E = Non-spawn monster count
 F = Spawn count percentage of total count
 G = Total turns spent on level
                    A         B        C        D         E        F      G
               +---------+---------+-------+---------+---------+-------+---------
         Total |       0 |    2885 |   0.0 |       0 |      27 |   0.0 |  1250
               +---------+---------+-------+---------+---------+-------+---------
             D |       0 |    2885 |   0.0 |       0 |      27 |   0.0 |  1250
               +---------+---------+-------+---------+---------+-------+---------
